 Dungeon Crawl Stone Soup version 0.20.0-10-g0535bb4 (webtiles) character file.

1802 MTVSty1e the Carver (level 8, -3/71 HPs)
             Began as a Purple Draconian Gladiator on June 5, 2017.
             Was a Follower of Cheibriados.
             Slain by a two-headed ogre
             ... wielding a +0 giant club
              (18 damage)
             ... on level 6 of the Dungeon.
             The game lasted 00:19:48 (6823 turns).

MTVSty1e the Carver (Purple Draconian Gladiator)    Turns: 6823, Time: 00:19:51

Health: -3/71      AC:  9    Str: 21    XL:     8   Next: 83%
Magic:  8/8        EV: 14    Int: 13    God:    Cheibriados [*.....]
Gold:   263        SH:  0    Dex: 15    Spells: 5/7 levels left

rFire    + . .     SeeInvis .   a - +0 long sword
rCold    . . .     Gourm    .   (no shield)
rNeg     . . .     Faith    .   (armour unavailable)
rPois    .         Spirit   .   b - +0 hat
rElec    .         Reflect  .   E - +0 cloak (curse)
rCorr    .         Harm     .   u - +1 pair of gloves
MR       ++...                  (no boots)
Stlth    +.........             (no amulet)
Regen    0.3/turn               F - ring of protection from magic
MPRegen  0.2/turn               n - ring of protection from fire

@: short of breath, very slow
A: breathe power, unfitting armour, big wings, horns 1, cold-blooded, AC +6
a: Breathe Dispelling Energy, Fly, Bend Time, Renounce Religion


You were on level 6 of the Dungeon.
You worshipped Cheibriados.
Cheibriados was aware of your devotion.
You were not hungry.

You visited 2 branches of the dungeon, and saw 7 of its levels.

You collected 263 gold pieces.

Inventory:

Hand Weapons
 a - a +0 long sword (weapon)
Missiles
 q - 2 throwing nets (quivered)
Armour
 b - a +0 hat (worn)
 u - a +1 pair of gloves (worn)
 E - a cursed +0 cloak (worn)
Jewellery
 c - an uncursed amulet of magic regeneration {unknown}
 e - a +2 ring of dexterity
 n - a ring of protection from fire (right hand)
 F - a ring of protection from magic (left hand)
Wands
 i - a wand of acid (12/15)
 y - a wand of polymorph (8/24)
Scrolls
 j - a scroll of identify
 p - 3 scrolls of amnesia
 s - a scroll of teleportation
 v - a scroll of recharging
 z - a scroll of remove curse
 A - a scroll of blinking
 C - 2 scrolls of magic mapping
Potions
 f - 2 potions of flight
 k - a potion of lignification {unknown}
 l - a potion of ambrosia {unknown}
 m - a potion of agility {unknown}
 o - a potion of resistance {unknown}
 r - 2 potions of cancellation
 t - 3 potions of curing {unknown}
 w - a potion of magic {unknown}
 x - a potion of brilliance {unknown}
 B - 2 potions of haste {unknown}
 D - a potion of heal wounds {unknown}
Books
 g - a book of Cantrips

   Spells                             Type                      Level
   a - Confusing Touch                Hexes                        1
   b - Animate Skeleton               Necromancy                   1
   c - Summon Small Mammal            Summoning                    1
   d - Apportation                    Translocation                1
 G - a book of Maledictions

   Spells                             Type                      Level
   a - Corona                         Hexes                        1
   b - Ensorcelled Hibernation        Hexes/Ice                    2
   c - Confuse                        Hexes                        3
   d - Tukima's Dance                 Hexes                        3
   e - Dazzling Spray                 Conjuration/Hexes            3
Comestibles
 d - 2 bread rations
 h - 4 royal jellies


   Skills:
 + Level 6.3 Fighting
 * Level 8.3 Long Blades
 - Level 1.7 Throwing
 + Level 4.0 Dodging
 - Level 3.0 Hexes
 + Level 4.3 Translocations


You had 5 spell levels left.
You knew the following spells:

 Your Spells              Type           Power        Failure   Level  Hunger
a - Apportation           Tloc           ##....       5%          1    ##.....
b - Confusing Touch       Hex            #.....       9%          1    ##.....


Dungeon Overview and Level Annotations

Branches:
Dungeon (6/15)             Temple (1/1) D:4

Altars:
Ashenzari
Cheibriados
Dithmenos
Elyvilon
Fedhas
Gozag
Hepliaklqana
Kikubaaqudgha
Makhleb
Nemelex Xobeh
Okawaru
Ru
Sif Muna
Trog
Uskayaw
Yredelemnul
Zin
The Shining One

Annotations:
D:3 Grinder, Terence


Innate Abilities, Weirdness & Mutations

You can breathe bolts of dispelling energy.
Your rich purple scales are hard. (AC +6)
You cannot fit into any form of body armour.
You are cold-blooded and may be slowed by cold attacks.
Your large and strong wings let you fly indefinitely.
You have a pair of small horns on your head.


Message History

The two-headed ogre is severely wounded.
You hit the two-headed ogre.
The two-headed ogre is severely wounded.
The two-headed ogre hits you with a giant club!!
The two-headed ogre closely misses you.
Press: ? - help, Shift-Dir - straight line, f - two-headed ogre
Aim: a two-headed ogre, wielding two giant clubs (severely wounded)
You fail to use your ability.
The two-headed ogre hits you with a giant club.
The two-headed ogre closely misses you.
Press: ? - help, Shift-Dir - straight line, f/p - two-headed ogre
Aim: a two-headed ogre, wielding two giant clubs (severely wounded)
You breathe a bolt of dispelling energy.
The bolt of dispelling energy hits the two-headed ogre.
The two-headed ogre is almost dead.
You feel somewhat more hungry.
The two-headed ogre hits you with a giant club!
* * * LOW HITPOINT WARNING * * *
The two-headed ogre hits you with a giant club!!
You die...

### ###### #(( #.....
#.#
#....O###############.#
#.....@...............#
#.....###.......(.....#
#..... #.###########.#
###.## #.# #.# #. #.#
#######.# . #.#
#........ # #.#
##.#####.# #.# ##..#
#.# ####.###...#####.#


You could see a two-headed ogre.

Vanquished Creatures
  An orc warrior (D:6)
  2 necrophages
  2 ice beasts (D:5)
  A sky beast (D:5)
  3 centaurs
  2 ogres
  2 bullfrogs (D:6)
  A water moccasin zombie (D:6)
  A scorpion (D:5)
  A howler monkey (D:6)
  A crimson imp (D:6)
  2 centaur zombies
  4 bullfrog skeletons
  An iguana (D:6)
  An orc wizard (D:6)
  Crazy Yiuf (D:5)
  2 worker ants
  Robin (D:3)
  9 adders
  3 shadow imps
  An ooze (D:1)
  5 worms
  2 leopard geckos
  10 orcs
  3 giant cockroaches
  15 goblins
  9 hobgoblins
  8 jackals
  4 quokkas
  A ball python (D:2)
  13 bats
  8 frilled lizards
  7 kobolds
  A leopard gecko zombie (D:3)
  A quokka skeleton (D:4)
  9 rats
138 creatures vanquished.

Notes
Turn   | Place    | Note
-------+----------+-------------------------------------------
     0 | D:1      | MTVSty1e the Draconian Gladiator began the quest for the Orb.
     0 | D:1      | Reached XP level 1. HP: 17/17 MP: 1/1
   177 | D:1      | Reached XP level 2. HP: 25/25 MP: 2/2
   330 | D:1      | You fall through a shaft!
   348 | D:1      | Reached XP level 3. HP: 21/30 MP: 3/3
   505 | D:1      | Reached skill level 4 in Long Blades
  1152 | D:2      | Reached XP level 4. HP: 38/38 MP: 4/4
  1620 | D:3      | Noticed Robin
  1673 | D:3      | Killed Robin
  2126 | D:3      | Reached XP level 5. HP: 46/46 MP: 5/5
  2131 | D:3      | Reached skill level 5 in Long Blades
  2227 | D:3      | Found a glowing golden altar of the Shining One.
  2302 | D:3      | Learned a level 1 spell: Apportation
  2305 | D:3      | Learned a level 1 spell: Confusing Touch
  2385 | D:3      | Noticed Terence
  2392 | D:3      | Noticed Grinder
  2788 | D:4      | Found a staircase to the Ecumenical Temple.
  2797 | Temple   | Entered the Ecumenical Temple
  3313 | D:4      | Found a shadowy altar of Dithmenos.
  3502 | D:4      | Noticed an ogre
  3513 | D:4      | Killed an ogre
  3513 | D:4      | Reached skill level 1 in Hexes
  3513 | D:4      | Reached skill level 1 in Translocations
  3513 | D:4      | Reached XP level 6. HP: 18/53 MP: 6/6
  3710 | D:5      | Entered Level 5 of the Dungeon
  3852 | D:5      | Noticed an ice beast
  3861 | D:5      | Reached skill level 6 in Long Blades
  3861 | D:5      | Your scales start taking on a rich purple colour.
  3861 | D:5      | Reached XP level 7. HP: 49/60 MP: 7/7
  4164 | D:5      | Reached skill level 5 in Fighting
  4242 | Temple   | Became a worshipper of Cheibriados the Contemplative
  4604 | D:5      | Gained mutation: Your body sometimes deteriorates upon taking damage. [mutagenic meat]
  4977 | D:5      | Found a runed door.
  5132 | D:5      | Noticed Crazy Yiuf
  5137 | D:5      | Killed Crazy Yiuf
  5292 | D:6      | Reached skill level 7 in Long Blades
  5427 | D:6      | Reached XP level 8. HP: 69/69 MP: 8/8
  5559 | D:6      | Reached * piety under Cheibriados
  6157 | D:6      | Reached skill level 8 in Long Blades
  6160 | D:6      | Found a shattered altar of Ashenzari.
  6166 | D:6      | Lost mutation: Your body sometimes deteriorates upon taking damage. [potion of mutation]
  6166 | D:6      | Gained mutation: Your large and strong wings let you fly indefinitely. [potion of mutation]
  6166 | D:6      | Gained mutation: You have a pair of small horns on your head. [potion of mutation]
  6814 | D:6      | Noticed a two-headed ogre
  6823 | D:6      | Slain by a two-headed ogre

Skill      XL: |  1  2  3  4  5  6  7  8 |
---------------+-------------------------+-----
Long Blades    | 4 5 6 7 8 |  8.3
Fighting       | 3 4 5 6 |  6.3
Hexes          | 1 2 3 |  3.0
Translocations | 1 2 3 4 |  4.3
Dodging        | 3 4 |  4.0
Throwing       | |  1.7

Action                   |  1- 3 |  4- 6 |  7- 9 || total
-------------------------+-------+-------+-------++-------
Melee: Long sword        |    87 |   179 |   201 ||   467
       Tailslap          |    14 |    26 |    50 ||    90
       Headbutt          |       |       |    11 ||    11
Throw: Throwing net      |       |       |     3 ||     3
 Cast: Confusing Touch   |       |       |     1 ||     1
 Abil: Breathe Dispellin |       |       |     1 ||     1
  Use: Scroll            |     6 |     2 |     3 ||    11
       Potion            |       |       |     2 ||     2
 Stab: Sleeping          |     2 |     2 |     1 ||     5
  Eat: Fruit             |     1 |     3 |       ||     4
       Chunk             |       |     2 |     1 ||     3
       Meat ration       |       |     1 |       ||     1
       Bread ration      |       |       |     2 ||     2
Armor: Skin              |    37 |    50 |    51 ||   138
Dodge: Dodged            |    88 |   135 |   141 ||   364
       Rpst.: Long sword |    28 |    43 |    51 ||   122
